[ AOE2 MATCH · #507130733 ]
UnrankedLithuanians vs Maya
[ REPLAY ANALYSIS · EXTRACTED FROM THE RECORDED GAME ]
Feudal
10:23
Castle
15:28
Imperial
—
| APM avg | 43.7 |
| APM peak | 87 |
| eAPM avg | 21.7 |
| Villagers / military | 46 / 10 |
Focus
⚔️ 20.7% · 🌾 79.3%
Fishing Ship ×13 · Unknown (2626) ×13 · Fire Galley ×9 · Monk ×1
Feudal
10:06
Castle
15:35
Imperial
—
| APM avg | 37.1 |
| APM peak | 76 |
| eAPM avg | 19.6 |
| Villagers / military | 34 / 10 |
Focus
⚔️ 26.9% · 🌾 73.1%
Fishing Ship ×9 · Magyar Huszar ×6 · Mangonel ×4 · Unknown (2626) ×1
Feudal
12:44
Castle
16:40
Imperial
—
| APM avg | 29.2 |
| APM peak | 67 |
| eAPM avg | 16.3 |
| Villagers / military | 32 / 15 |
Focus
⚔️ 25.9% · 🌾 74.1%
Fishing Ship ×19 · Galley ×9 · Plumed Archer ×5 · Mangonel ×1
Feudal
13:28
Castle
17:27
Imperial
—
| APM avg | 31.6 |
| APM peak | 50 |
| eAPM avg | 19.4 |
| Villagers / military | 44 / 0 |
Focus
⚔️ 24.0% · 🌾 76.0%
Fishing Ship ×19 · Unknown (2626) ×8
Feudal
10:43
Castle
17:32
Imperial
—
| APM avg | 35.8 |
| APM peak | 49 |
| eAPM avg | 21.3 |
| Villagers / military | 53 / 3 |
Focus
⚔️ 30.3% · 🌾 69.7%
Fishing Ship ×15 · Fire Galley ×2 · Monk ×1
Feudal
12:27
Castle
17:08
Imperial
—
| APM avg | 53.5 |
| APM peak | 85 |
| eAPM avg | 22.9 |
| Villagers / military | 29 / 10 |
Focus
⚔️ 22.2% · 🌾 77.8%
Fishing Ship ×17 · Spearman ×4 · Monk ×2 · Mangonel ×2 · Fire Galley ×2 · Unknown (2626) ×1
Feudal
11:18
Castle
15:50
Imperial
—
| APM avg | 40.6 |
| APM peak | 67 |
| eAPM avg | 17.7 |
| Villagers / military | 38 / 13 |
Focus
⚔️ 36.0% · 🌾 64.0%
Organ Gun ×7 · Fishing Ship ×6 · Battering Ram ×5 · Unknown (2626) ×2 · Fire Galley ×1
Feudal
10:33
Castle
15:22
Imperial
—
| APM avg | 22.4 |
| APM peak | 47 |
| eAPM avg | 10.0 |
| Villagers / military | 43 / 4 |
Focus
⚔️ 16.2% · 🌾 83.8%
Fishing Ship ×9 · Chu Ko Nu ×3 · Battering Ram ×1
Match map
Initial resources + every placement click. Lines = walls · curves = elevation contours. ◆ gold · ⬟ stone · ● berries · ✦ relic · ◌ wall gap
Your base· Open — opponent sealed themselves in
Rank's base· Open
Molle's base· ✓ Map-separated
QNA | Apachai Hopachai's base· Open — 2t gap
Ash's base· ✓ Map-separated
DYS.K's base· Open
imenek's base· Open
aunclelikegod02's base· ✓ Closed at 15:22 · 0t walls · no gate
Smoothed initial terrain · ◌ = detected wall gap · hover for details
Inputs per minute
— loco_angel - - Rank
Build order — loco_angel
140 actions detected in the replay
| 0:32 | Build | House |
| 1:30 | Build | Dock |
| 1:45 | Build | Town Center |
| 2:07 | Build | House |
| 2:29 | Queue | Fishing Ship |
| 2:30 | Queue | Fishing Ship |
| 2:53 | Queue | Villager (Male) |
| 2:54 | Queue | Villager (Male) |
| 2:54 | Queue | Villager (Male) |
| 2:54 | Queue | Villager (Male) |
| 2:54 | Queue | Villager (Male) |
| 2:54 | Queue | Villager (Male) |
| 3:09 | Queue | Fishing Ship |
| 3:43 | Queue | Fishing Ship |
| 4:08 | Build | House |
| 4:26 | Queue | Villager (Male) |
| 4:32 | Queue | Fishing Ship |
| 4:40 | Build | Dock |
| 5:00 | Queue | Villager (Male) |
| 5:17 | Queue | Fishing Ship |
| 5:25 | Build | House |
| 5:28 | Queue | Fishing Ship |
| 5:38 | Queue | Villager (Male) |
| 5:56 | Build | House |
| 5:59 | Queue | Fishing Ship |
| 6:08 | Queue | Villager (Male) |
| 6:12 | Queue | Fishing Ship |
| 6:21 | Queue | Villager (Male) |
| 6:26 | Build | Palisade Wall |
| 6:46 | Build | Palisade Wall |
| 6:48 | Build | Palisade Wall |
| 6:53 | Queue | Fishing Ship |
| 6:55 | Queue | Fishing Ship |
| 7:04 | Queue | Villager (Male) |
| 7:33 | Research | Loom |
| 7:35 | Queue | Fishing Ship |
| 7:38 | Queue | Fishing Ship |
| 7:42 | Build | House |
| 8:08 | Research | Feudal Age |
| 8:20 | Build | Dock |
| 8:35 | Build | Mining Camp |
| 9:11 | Queue | Villager (Male) |
| 9:50 | Queue | Villager (Male) |
| 10:10 | Queue | Villager (Male) |
| 10:23 | Age | Feudal Age |
| 10:31 | Queue | Villager (Male) |
| 10:43 | Build | Mill |
| 10:55 | Queue | Unit 2626 |
| 10:55 | Queue | Unit 2626 |
| 10:56 | Queue | Unit 2626 |
| 10:56 | Queue | Unit 2626 |
| 10:58 | Queue | Villager (Male) |
| 11:04 | Build | House |
| 11:05 | Build | House |
| 11:31 | Build | Market |
| 11:41 | Queue | Villager (Male) |
| 11:51 | Build | Blacksmith |
| 12:18 | Build | House |
| 12:19 | Build | Palisade Wall |
| 12:32 | Research | Gold Mining |
| 12:35 | Research | Castle Age |
| 12:35 | Research | Castle Age |
| 13:17 | Queue | Unit 2626 |
| 13:17 | Queue | Unit 2626 |
| 13:17 | Queue | Unit 2626 |
| 13:22 | Queue | Villager (Male) |
| 13:25 | Build | House |
| 13:27 | Build | Palisade Wall |
| 13:44 | Queue | Fire Galley |
| 13:44 | Queue | Fire Galley |
| 13:44 | Queue | Fire Galley |
| 14:00 | Build | Lumber Camp |
| 14:01 | Queue | Villager (Male) |
| 14:37 | Queue | Fire Galley |
| 14:37 | Queue | Fire Galley |
| 14:44 | Research | Double-Bit Axe |
| 15:16 | Queue | Villager (Male) |
| 15:28 | Age | Castle Age |
| 15:51 | Research | War Galley (upgrade) |
| 15:54 | Queue | Villager (Male) |
| 15:55 | Research | Bow Saw |
| 16:01 | Queue | Villager (Male) |
| 16:21 | Queue | Unit 2626 |
| 16:21 | Queue | Unit 2626 |
| 16:21 | Queue | Unit 2626 |
| 16:24 | Queue | Villager (Male) |
| 16:34 | Build | Town Center |
| 16:45 | Queue | Villager (Male) |
| 17:01 | Queue | Unit 2626 |
| 17:01 | Queue | Unit 2626 |
| 17:01 | Queue | Unit 2626 |
| 17:05 | Queue | Villager (Male) |
| 17:09 | Build | House |
| 17:14 | Build | House |
| 17:15 | Build | House |
| 17:26 | Research | Wheelbarrow |
| 17:34 | Queue | Villager (Male) |
| 18:18 | Queue | Villager (Male) |
| 18:35 | Build | Town Center |
| 18:40 | Queue | Villager (Male) |
| 18:44 | Research | Stone Mining |
| 18:45 | Queue | Villager (Male) |
| 18:46 | Queue | Villager (Male) |
| 18:46 | Queue | Villager (Male) |
| 19:04 | Queue | Villager (Male) |
| 19:09 | Queue | Villager (Male) |
| 19:18 | Build | House |
| 19:20 | Build | House |
| 19:31 | Queue | Villager (Male) |
| 19:31 | Queue | Villager (Male) |
| 20:06 | Queue | Villager (Male) |
| 20:07 | Queue | Villager (Male) |
| 20:10 | Build | Outpost |
| 20:20 | Build | Outpost |
| 20:21 | Queue | Monk |
| 20:28 | Build | Lumber Camp |
| 20:31 | Queue | Villager (Male) |
| 20:32 | Queue | Villager (Male) |
| 20:36 | Build | House |
| 20:37 | Build | House |
| 20:40 | Queue | Villager (Male) |
| 20:42 | Queue | Villager (Male) |
| 20:42 | Queue | Villager (Male) |
| 20:51 | Build | House |
| 20:56 | Queue | Fire Galley |
| 20:56 | Queue | Fire Galley |
| 21:20 | Build | Castle |
| 21:33 | Queue | Fire Galley |
| 21:33 | Queue | Fire Galley |
| 21:57 | Build | Gate |
| 22:08 | Queue | Villager (Male) |
| 22:09 | Queue | Villager (Male) |
| 22:17 | Build | Palisade Gate |
| 22:27 | Build | Lumber Camp |
| 22:51 | Queue | Villager (Male) |
| 22:58 | Build | Farm |
| 22:58 | Build | Farm |
| 22:58 | Build | Farm |
| 22:59 | Build | Farm |
| 22:59 | Build | Farm |
Build order — Rank
92 actions detected in the replay
| 0:20 | Build | House |
| 0:42 | Build | Dock |
| 1:35 | Queue | Fishing Ship |
| 1:39 | Build | House |
| 1:52 | Build | Town Center |
| 2:09 | Queue | Fishing Ship |
| 2:58 | Queue | Villager (Male) |
| 2:58 | Queue | Villager (Male) |
| 2:58 | Queue | Villager (Male) |
| 2:59 | Queue | Villager (Male) |
| 2:59 | Queue | Villager (Male) |
| 3:22 | Queue | Fishing Ship |
| 4:07 | Research | Loom |
| 4:10 | Queue | Villager (Male) |
| 4:22 | Queue | Fishing Ship |
| 4:41 | Queue | Villager (Male) |
| 4:41 | Queue | Villager (Male) |
| 4:41 | Queue | Villager (Male) |
| 4:42 | Queue | Villager (Male) |
| 4:42 | Queue | Villager (Male) |
| 4:42 | Queue | Villager (Male) |
| 5:10 | Queue | Villager (Male) |
| 5:10 | Queue | Villager (Male) |
| 5:20 | Queue | Villager (Male) |
| 5:25 | Build | House |
| 5:31 | Research | Loom |
| 5:37 | Queue | Fishing Ship |
| 5:51 | Queue | Villager (Male) |
| 6:07 | Queue | Villager (Male) |
| 6:07 | Queue | Villager (Male) |
| 6:07 | Queue | Villager (Male) |
| 6:12 | Queue | Villager (Male) |
| 6:22 | Queue | Villager (Male) |
| 6:26 | Queue | Fishing Ship |
| 6:30 | Build | House |
| 7:27 | Build | Mill |
| 7:48 | Research | Feudal Age |
| 7:57 | Queue | Fishing Ship |
| 8:30 | Build | House |
| 8:32 | Build | House |
| 9:00 | Build | Mining Camp |
| 9:08 | Build | Palisade Wall |
| 9:08 | Build | Palisade Wall |
| 9:12 | Build | Palisade Wall |
| 9:25 | Queue | Fishing Ship |
| 10:06 | Age | Feudal Age |
| 10:09 | Queue | Villager (Male) |
| 10:11 | Queue | Villager (Male) |
| 10:24 | Queue | Unit 2626 |
| 10:27 | Queue | Villager (Male) |
| 11:00 | Queue | Villager (Male) |
| 11:33 | Build | Market |
| 11:37 | Queue | Villager (Male) |
| 12:17 | Queue | Villager (Male) |
| 12:22 | Build | Blacksmith |
| 12:55 | Research | Castle Age |
| 12:56 | Research | Castle Age |
| 13:48 | Research | Fletching |
| 14:14 | Build | Mining Camp |
| 14:38 | Build | Stone Wall |
| 14:39 | Build | Stone Wall |
| 14:43 | Build | Stone Wall |
| 15:08 | Queue | Fishing Ship |
| 15:11 | Build | House |
| 15:12 | Build | House |
| 15:35 | Age | Castle Age |
| 15:42 | Build | Castle |
| 16:09 | Research | Bodkin Arrow |
| 16:22 | Build | Lumber Camp |
| 16:29 | Build | Siege Workshop |
| 16:31 | Queue | Villager (Male) |
| 16:33 | Queue | Villager (Male) |
| 16:35 | Queue | Magyar Huszar |
| 16:38 | Queue | Villager (Male) |
| 17:08 | Queue | Mangonel |
| 17:08 | Queue | Mangonel |
| 17:16 | Queue | Magyar Huszar |
| 17:23 | Build | Outpost |
| 18:29 | Queue | Mangonel |
| 18:35 | Queue | Villager (Male) |
| 18:36 | Queue | Villager (Male) |
| 19:28 | Queue | Magyar Huszar |
| 20:03 | Queue | Magyar Huszar |
| 20:33 | Queue | Mangonel |
| 20:37 | Queue | Magyar Huszar |
| 21:17 | Queue | Magyar Huszar |
| 21:44 | Build | Castle |
| 21:56 | Queue | Villager (Male) |
| 22:08 | Build | Lumber Camp |
| 22:13 | Research | Double-Bit Axe |
| 22:34 | Queue | Villager (Male) |
| 22:42 | Build | Mining Camp |
Build order — Molle
116 actions detected in the replay
| 0:12 | Build | Dock |
| 0:14 | Build | House |
| 0:38 | Build | House |
| 0:59 | Queue | Fishing Ship |
| 1:00 | Queue | Fishing Ship |
| 1:12 | Queue | Fishing Ship |
| 1:51 | Build | Town Center |
| 2:21 | Queue | Fishing Ship |
| 2:52 | Queue | Villager (Male) |
| 2:57 | Queue | Villager (Male) |
| 3:18 | Build | House |
| 3:36 | Queue | Fishing Ship |
| 3:37 | Queue | Villager (Male) |
| 4:14 | Queue | Villager (Male) |
| 4:16 | Queue | Fishing Ship |
| 4:50 | Queue | Villager (Male) |
| 4:50 | Queue | Fishing Ship |
| 5:09 | Queue | Villager (Male) |
| 5:13 | Build | Mill |
| 5:28 | Queue | Fishing Ship |
| 5:45 | Build | House |
| 5:51 | Queue | Villager (Male) |
| 6:06 | Build | Palisade Wall |
| 6:12 | Build | Palisade Gate |
| 6:16 | Queue | Villager (Male) |
| 6:16 | Queue | Fishing Ship |
| 6:28 | Build | House |
| 6:33 | Queue | Fishing Ship |
| 6:33 | Queue | Villager (Male) |
| 6:45 | Queue | Villager (Male) |
| 7:00 | Queue | Villager (Male) |
| 7:05 | Build | Mining Camp |
| 7:41 | Build | Dock |
| 7:59 | Queue | Villager (Male) |
| 7:59 | Queue | Fishing Ship |
| 8:28 | Queue | Villager (Male) |
| 8:29 | Build | House |
| 8:32 | Build | Lumber Camp |
| 8:49 | Queue | Fishing Ship |
| 8:53 | Queue | Villager (Male) |
| 8:56 | Build | House |
| 9:11 | Queue | Fishing Ship |
| 9:12 | Queue | Villager (Male) |
| 9:29 | Queue | Villager (Male) |
| 9:32 | Build | House |
| 9:44 | Build | Mining Camp |
| 9:59 | Queue | Villager (Male) |
| 10:22 | Queue | Fishing Ship |
| 10:22 | Queue | Fishing Ship |
| 10:24 | Research | Feudal Age |
| 10:53 | Build | Dock |
| 11:00 | Queue | Fishing Ship |
| 11:06 | Queue | Villager (Male) |
| 11:09 | Build | House |
| 11:16 | Build | Outpost |
| 11:23 | Queue | Fishing Ship |
| 11:29 | Queue | Fishing Ship |
| 12:26 | Research | Loom |
| 12:44 | Age | Feudal Age |
| 12:44 | Research | Town Watch |
| 12:50 | Build | Market |
| 12:55 | Build | Blacksmith |
| 13:09 | Research | Tech 906 |
| 13:32 | Build | Outpost |
| 13:49 | Build | Outpost |
| 14:00 | Research | Castle Age |
| 14:02 | Research | Double-Bit Axe |
| 14:13 | Build | Outpost |
| 14:23 | Build | Lumber Camp |
| 14:30 | Queue | Fishing Ship |
| 14:38 | Queue | Galley |
| 14:42 | Queue | Galley |
| 14:56 | Build | Palisade Gate |
| 15:13 | Queue | Galley |
| 15:16 | Research | Fletching |
| 15:33 | Build | House |
| 15:34 | Build | House |
| 15:51 | Queue | Galley |
| 16:09 | Build | Lumber Camp |
| 16:14 | Build | Lumber Camp |
| 16:26 | Build | Stone Wall |
| 16:27 | Build | Gate |
| 16:40 | Age | Castle Age |
| 16:44 | Build | Castle |
| 16:49 | Queue | Villager (Male) |
| 16:49 | Queue | Villager (Male) |
| 16:50 | Research | Bodkin Arrow |
| 16:51 | Queue | Galley |
| 17:29 | Build | Lumber Camp |
| 17:47 | Queue | Villager (Male) |
| 17:48 | Queue | Villager (Male) |
| 18:16 | Research | War Galley (upgrade) |
| 18:24 | Queue | Galley |
| 18:27 | Queue | Galley |
| 18:28 | Queue | Villager (Male) |
| 18:28 | Queue | Villager (Male) |
| 18:39 | Queue | Plumed Archer |
| 18:39 | Queue | Plumed Archer |
| 18:46 | Research | Wheelbarrow |
| 18:53 | Build | Dock |
| 19:00 | Build | Dock |
| 19:02 | Queue | Villager (Male) |
| 19:05 | Queue | Villager (Male) |
| 19:28 | Queue | Plumed Archer |
| 19:37 | Build | Siege Workshop |
| 19:44 | Queue | Villager (Male) |
| 19:49 | Queue | Galley |
| 19:49 | Queue | Villager (Male) |
| 20:05 | Queue | Galley |
| 20:44 | Queue | Mangonel |
| 21:06 | Queue | Plumed Archer |
| 21:16 | Queue | Plumed Archer |
| 21:41 | Queue | Villager (Male) |
| 21:41 | Queue | Villager (Male) |
| 21:42 | Queue | Villager (Male) |
| 22:17 | Queue | Villager (Male) |
Build order — QNA | Apachai Hopachai
105 actions detected in the replay
| 0:27 | Build | House |
| 0:29 | Build | House |
| 1:54 | Build | Town Center |
| 2:03 | Build | Dock |
| 2:47 | Queue | Fishing Ship |
| 3:13 | Queue | Villager (Male) |
| 3:13 | Queue | Villager (Male) |
| 3:13 | Queue | Villager (Male) |
| 3:21 | Queue | Villager (Male) |
| 3:21 | Queue | Villager (Male) |
| 3:37 | Research | Loom |
| 3:37 | Queue | Villager (Male) |
| 3:37 | Queue | Villager (Male) |
| 3:38 | Queue | Villager (Male) |
| 3:38 | Queue | Villager (Male) |
| 3:41 | Queue | Fishing Ship |
| 4:27 | Queue | Villager (Male) |
| 4:28 | Queue | Villager (Male) |
| 4:39 | Queue | Fishing Ship |
| 5:02 | Queue | Fishing Ship |
| 5:09 | Build | House |
| 5:20 | Queue | Villager (Male) |
| 5:31 | Queue | Fishing Ship |
| 5:56 | Build | Dock |
| 6:01 | Queue | Villager (Male) |
| 6:27 | Queue | Fishing Ship |
| 6:31 | Queue | Fishing Ship |
| 6:39 | Build | Mining Camp |
| 6:40 | Queue | Villager (Male) |
| 6:53 | Build | House |
| 7:01 | Queue | Fishing Ship |
| 7:05 | Queue | Villager (Male) |
| 7:29 | Queue | Fishing Ship |
| 7:34 | Queue | Fishing Ship |
| 7:34 | Queue | Fishing Ship |
| 7:48 | Build | House |
| 7:53 | Queue | Villager (Male) |
| 7:53 | Queue | Villager (Male) |
| 8:21 | Build | Dock |
| 8:22 | Queue | Villager (Male) |
| 8:23 | Queue | Villager (Male) |
| 8:26 | Queue | Villager (Male) |
| 8:39 | Queue | Fishing Ship |
| 8:49 | Build | House |
| 8:51 | Queue | Villager (Male) |
| 9:04 | Queue | Villager (Male) |
| 9:26 | Queue | Villager (Male) |
| 9:31 | Queue | Fishing Ship |
| 9:34 | Queue | Fishing Ship |
| 9:43 | Build | House |
| 9:44 | Queue | Villager (Male) |
| 9:52 | Queue | Fishing Ship |
| 9:56 | Build | House |
| 10:21 | Queue | Villager (Male) |
| 10:32 | Build | Mill |
| 10:51 | Queue | Fishing Ship |
| 11:11 | Build | House |
| 11:18 | Research | Feudal Age |
| 11:26 | Queue | Fishing Ship |
| 12:29 | Build | Lumber Camp |
| 12:39 | Queue | Fishing Ship |
| 12:53 | Queue | Fishing Ship |
| 13:02 | Build | Dock |
| 13:28 | Age | Feudal Age |
| 13:29 | Queue | Villager (Male) |
| 13:29 | Queue | Villager (Male) |
| 13:35 | Build | Market |
| 13:56 | Build | Blacksmith |
| 13:59 | Queue | Villager (Male) |
| 14:41 | Queue | Unit 2626 |
| 14:47 | Research | Castle Age |
| 14:48 | Research | Castle Age |
| 14:50 | Queue | Unit 2626 |
| 15:04 | Queue | Unit 2626 |
| 15:21 | Build | Mining Camp |
| 15:37 | Queue | Unit 2626 |
| 16:10 | Queue | Unit 2626 |
| 16:38 | Queue | Unit 2626 |
| 16:47 | Queue | Unit 2626 |
| 16:54 | Build | Palisade Wall |
| 17:00 | Build | Palisade Wall |
| 17:09 | Build | Palisade Wall |
| 17:27 | Age | Castle Age |
| 17:30 | Queue | Villager (Male) |
| 17:33 | Research | War Galley (upgrade) |
| 17:33 | Queue | Villager (Male) |
| 17:34 | Queue | Villager (Male) |
| 17:45 | Queue | Villager (Male) |
| 17:56 | Queue | Villager (Male) |
| 18:09 | Build | Town Center |
| 18:13 | Queue | Villager (Male) |
| 18:48 | Queue | Villager (Male) |
| 19:08 | Queue | Villager (Male) |
| 19:12 | Build | Castle |
| 19:15 | Queue | Villager (Male) |
| 19:33 | Build | Gate |
| 19:44 | Queue | Villager (Male) |
| 19:45 | Queue | Villager (Male) |
| 19:59 | Queue | Villager (Male) |
| 20:27 | Queue | Villager (Male) |
| 20:27 | Queue | Villager (Male) |
| 21:35 | Queue | Villager (Male) |
| 22:10 | Research | Imperial Age |
| 22:29 | Queue | Villager (Male) |
| 22:50 | Queue | Unit 2626 |
Build order — Ash
136 actions detected in the replay
| 0:57 | Build | Dock |
| 1:18 | Build | Town Center |
| 1:49 | Queue | Fishing Ship |
| 1:49 | Queue | Fishing Ship |
| 1:52 | Build | House |
| 2:01 | Build | House |
| 2:23 | Queue | Villager (Male) ×4 |
| 2:23 | Queue | Villager (Male) ×4 |
| 2:57 | Queue | Fishing Ship |
| 3:09 | Queue | Villager (Male) |
| 3:09 | Queue | Villager (Male) |
| 3:42 | Queue | Villager (Male) ×2 |
| 3:43 | Queue | Villager (Male) ×2 |
| 3:46 | Build | House |
| 3:57 | Queue | Fishing Ship |
| 3:58 | Queue | Fishing Ship |
| 4:27 | Queue | Fishing Ship |
| 4:36 | Queue | Villager (Male) |
| 4:36 | Queue | Villager (Male) |
| 4:42 | Build | House |
| 4:54 | Build | Mill |
| 5:10 | Queue | Villager (Male) |
| 5:10 | Queue | Villager (Male) |
| 5:24 | Queue | Fishing Ship |
| 5:39 | Queue | Villager (Male) |
| 5:40 | Queue | Fishing Ship |
| 6:02 | Queue | Villager (Male) |
| 6:11 | Queue | Fishing Ship |
| 6:11 | Queue | Fishing Ship |
| 6:35 | Queue | Villager (Male) |
| 6:46 | Build | House |
| 6:48 | Queue | Villager (Male) |
| 6:48 | Queue | Villager (Male) |
| 6:50 | Build | House |
| 6:51 | Build | Palisade Wall |
| 7:20 | Queue | Villager (Male) |
| 7:21 | Queue | Fishing Ship |
| 7:39 | Queue | Fishing Ship |
| 7:50 | Research | Loom |
| 7:59 | Build | Mining Camp |
| 8:16 | Research | Feudal Age |
| 8:16 | Research | Feudal Age |
| 9:07 | Queue | Fishing Ship |
| 9:11 | Build | Dock |
| 9:28 | Build | Mining Camp |
| 10:00 | Queue | Villager (Male) |
| 10:00 | Queue | Villager (Male) |
| 10:01 | Queue | Villager (Male) |
| 10:43 | Age | Feudal Age |
| 10:48 | Build | Watch Tower |
| 10:55 | Build | Blacksmith |
| 11:29 | Build | House |
| 11:31 | Research | Fletching |
| 11:32 | Research | Fletching |
| 11:39 | Build | Watch Tower |
| 11:41 | Queue | Villager (Male) |
| 11:46 | Build | Lumber Camp |
| 12:05 | Queue | Villager (Male) |
| 12:11 | Research | Double-Bit Axe |
| 12:42 | Queue | Villager (Male) |
| 12:42 | Queue | Villager (Male) |
| 12:50 | Build | Watch Tower |
| 12:59 | Build | Watch Tower |
| 13:02 | Queue | Villager (Male) |
| 13:19 | Build | House |
| 13:39 | Build | Market |
| 13:43 | Queue | Villager (Male) |
| 14:18 | Build | Watch Tower |
| 14:27 | Build | Palisade Wall |
| 14:29 | Build | Palisade Wall |
| 14:30 | Build | Palisade Wall |
| 14:33 | Queue | Villager (Male) |
| 14:34 | Queue | Villager (Male) |
| 14:43 | Build | Watch Tower |
| 14:48 | Build | Palisade Wall |
| 14:49 | Build | Palisade Wall |
| 14:50 | Research | Castle Age |
| 14:50 | Research | Castle Age |
| 15:01 | Queue | Villager (Male) |
| 15:01 | Queue | Villager (Male) |
| 15:22 | Research | Tech 906 |
| 15:24 | Queue | Fishing Ship |
| 15:24 | Queue | Fishing Ship |
| 15:33 | Build | House |
| 15:45 | Queue | Villager (Male) |
| 15:59 | Queue | Villager (Male) |
| 16:00 | Queue | Villager (Male) |
| 16:09 | Build | Watch Tower |
| 16:14 | Build | House |
| 16:16 | Build | Palisade Wall |
| 16:29 | Build | House |
| 16:36 | Build | House |
| 17:13 | Build | Mining Camp |
| 17:32 | Age | Castle Age |
| 17:34 | Build | University |
| 17:41 | Research | Bodkin Arrow |
| 17:41 | Research | Bodkin Arrow |
| 17:59 | Queue | Villager (Male) |
| 18:17 | Research | Guard Tower (upgrade) |
| 18:17 | Research | Guard Tower (upgrade) |
| 18:40 | Build | Watch Tower |
| 18:45 | Queue | Villager (Male) |
| 18:46 | Queue | Villager (Male) |
| 18:58 | Build | Watch Tower |
| 19:11 | Build | Watch Tower |
| 19:14 | Queue | Villager (Male) |
| 19:24 | Queue | Villager (Male) |
| 19:39 | Research | Ballistics |
| 19:39 | Research | Ballistics |
| 19:57 | Queue | Villager (Male) |
| 20:17 | Queue | Fire Galley |
| 20:17 | Queue | Fire Galley |
| 20:19 | Queue | Villager (Male) |
| 20:19 | Queue | Villager (Male) |
| 20:27 | Research | Bow Saw |
| 20:28 | Research | Bow Saw |
| 20:52 | Build | Watch Tower |
| 21:02 | Build | Farm |
| 21:04 | Build | Farm |
| 21:08 | Build | Palisade Wall |
| 21:10 | Build | Palisade Wall |
| 21:13 | Build | House |
| 21:27 | Queue | Monk |
| 21:42 | Build | Palisade Wall |
| 22:03 | Queue | Villager (Male) |
| 22:03 | Queue | Villager (Male) |
| 22:13 | Queue | Villager (Male) |
| 22:14 | Queue | Villager (Male) |
| 22:34 | Build | Lumber Camp |
| 22:41 | Research | Horse Collar |
| 22:41 | Research | Horse Collar |
| 22:41 | Queue | Villager (Male) |
| 22:46 | Build | Farm |
| 22:47 | Build | Farm |
| 22:47 | Build | Farm |
| 22:47 | Build | Farm |
Build order — DYS.K
113 actions detected in the replay
| 0:34 | Build | Dock |
| 0:41 | Build | House |
| 1:53 | Build | Town Center |
| 2:09 | Queue | Fishing Ship |
| 2:15 | Build | House |
| 2:21 | Build | House |
| 2:54 | Queue | Villager (Male) |
| 2:54 | Queue | Villager (Male) |
| 3:02 | Queue | Villager (Male) |
| 3:03 | Queue | Villager (Male) |
| 3:03 | Queue | Villager (Male) |
| 3:03 | Queue | Villager (Male) |
| 3:17 | Queue | Fishing Ship |
| 3:44 | Queue | Fishing Ship |
| 4:29 | Build | House |
| 4:32 | Queue | Villager (Male) |
| 4:33 | Queue | Fishing Ship |
| 5:06 | Queue | Villager (Male) |
| 5:06 | Queue | Villager (Male) |
| 5:12 | Queue | Fishing Ship |
| 5:59 | Build | Dock |
| 6:01 | Queue | Villager (Male) |
| 6:02 | Queue | Villager (Male) |
| 6:04 | Queue | Fishing Ship |
| 6:40 | Build | Palisade Wall |
| 6:42 | Build | Palisade Wall |
| 6:44 | Build | Palisade Wall |
| 6:54 | Queue | Villager (Male) |
| 6:56 | Queue | Fishing Ship |
| 7:13 | Queue | Villager (Male) |
| 7:13 | Queue | Villager (Male) |
| 7:23 | Build | House |
| 7:28 | Queue | Villager (Male) |
| 7:32 | Build | Lumber Camp |
| 8:00 | Queue | Fishing Ship |
| 8:02 | Queue | Fishing Ship |
| 8:14 | Queue | Villager (Male) |
| 8:30 | Build | House |
| 8:33 | Queue | Villager (Male) |
| 8:34 | Queue | Villager (Male) |
| 8:34 | Queue | Villager (Male) |
| 8:34 | Queue | Villager (Male) |
| 8:39 | Queue | Fishing Ship |
| 9:04 | Build | House |
| 9:24 | Queue | Fishing Ship |
| 9:41 | Build | Palisade Wall |
| 10:08 | Build | Palisade Wall |
| 10:11 | Build | Palisade Wall |
| 10:17 | Research | Feudal Age |
| 10:22 | Queue | Fishing Ship |
| 10:48 | Queue | Fishing Ship |
| 10:50 | Queue | Fishing Ship |
| 11:17 | Build | House |
| 11:20 | Build | Palisade Wall |
| 11:30 | Build | Outpost |
| 11:39 | Queue | Fishing Ship |
| 12:11 | Build | Outpost |
| 12:27 | Age | Feudal Age |
| 12:29 | Build | Outpost |
| 12:34 | Build | Blacksmith |
| 12:39 | Build | Mill |
| 12:53 | Queue | Fire Galley |
| 12:54 | Queue | Fire Galley |
| 13:05 | Build | Outpost |
| 13:07 | Queue | Villager (Male) |
| 13:11 | Build | Market |
| 13:53 | Build | Palisade Wall |
| 13:55 | Build | Palisade Wall |
| 13:58 | Build | House |
| 14:08 | Build | Palisade Wall |
| 14:20 | Build | Palisade Wall |
| 14:25 | Build | House |
| 14:28 | Research | Castle Age |
| 14:28 | Research | Castle Age |
| 15:03 | Queue | Unit 2626 |
| 15:37 | Research | Double-Bit Axe |
| 15:37 | Research | Double-Bit Axe |
| 16:17 | Build | Lumber Camp |
| 16:32 | Build | Barracks |
| 16:50 | Build | House |
| 17:01 | Research | Loom |
| 17:02 | Research | Scale Mail Armor |
| 17:04 | Queue | Villager (Male) |
| 17:08 | Age | Castle Age |
| 17:08 | Queue | Spearman |
| 17:12 | Build | Town Center |
| 17:15 | Research | Bow Saw |
| 17:15 | Research | Bow Saw |
| 17:25 | Queue | Villager (Male) |
| 17:28 | Queue | Monk |
| 17:30 | Queue | Villager (Male) |
| 17:40 | Build | Town Center |
| 17:47 | Build | House |
| 17:53 | Queue | Spearman |
| 18:06 | Queue | Spearman |
| 18:07 | Build | House |
| 18:09 | Build | House |
| 18:11 | Build | Palisade Wall |
| 18:30 | Queue | Spearman |
| 19:27 | Queue | Villager (Male) |
| 19:27 | Queue | Villager (Male) |
| 19:38 | Build | Siege Workshop |
| 19:49 | Queue | Villager (Male) |
| 20:15 | Queue | Mangonel |
| 20:39 | Queue | Villager (Male) |
| 20:41 | Queue | Fishing Ship |
| 20:42 | Queue | Fishing Ship |
| 20:48 | Queue | Monk |
| 21:21 | Build | Archery Range |
| 21:22 | Queue | Villager (Male) |
| 21:25 | Build | Farm |
| 21:31 | Queue | Mangonel |
| 22:05 | Build | Archery Range |
Build order — imenek
129 actions detected in the replay
| 0:29 | Build | House |
| 0:44 | Build | House |
| 0:58 | Build | Dock |
| 2:00 | Build | Town Center |
| 2:03 | Queue | Fishing Ship |
| 3:10 | Queue | Villager (Male) |
| 3:10 | Queue | Villager (Male) |
| 3:11 | Queue | Villager (Male) |
| 3:15 | Research | Loom |
| 3:15 | Research | Loom |
| 3:16 | Queue | Villager (Male) |
| 3:21 | Queue | Villager (Male) |
| 3:22 | Queue | Villager (Male) |
| 3:31 | Queue | Fishing Ship |
| 4:04 | Queue | Fishing Ship |
| 4:15 | Queue | Fishing Ship |
| 4:47 | Build | House |
| 4:52 | Queue | Villager (Male) |
| 4:53 | Queue | Fishing Ship |
| 4:57 | Build | House |
| 5:42 | Queue | Villager (Male) |
| 5:54 | Build | Palisade Wall |
| 5:56 | Build | Palisade Wall |
| 5:58 | Build | Palisade Wall |
| 6:02 | Build | Palisade Wall |
| 6:03 | Build | Palisade Wall |
| 6:05 | Build | Palisade Wall |
| 6:11 | Build | Palisade Wall |
| 6:11 | Queue | Villager (Male) |
| 6:13 | Build | Palisade Wall |
| 6:14 | Queue | Villager (Male) |
| 6:16 | Queue | Villager (Male) |
| 6:21 | Build | Palisade Wall |
| 6:23 | Build | Palisade Wall |
| 6:24 | Build | Palisade Wall |
| 6:27 | Build | Palisade Wall |
| 6:45 | Queue | Villager (Male) |
| 6:54 | Queue | Villager (Male) |
| 7:18 | Queue | Villager (Male) |
| 7:22 | Queue | Villager (Male) |
| 7:54 | Build | Mill |
| 7:56 | Build | House |
| 8:07 | Queue | Fishing Ship |
| 8:28 | Build | Mining Camp |
| 8:50 | Build | Lumber Camp |
| 9:07 | Research | Feudal Age |
| 9:07 | Research | Feudal Age |
| 9:15 | Build | Palisade Wall |
| 9:17 | Build | Palisade Wall |
| 9:48 | Build | Mill |
| 10:16 | Build | House |
| 10:18 | Build | Palisade Wall |
| 10:40 | Build | Palisade Wall |
| 10:48 | Build | House |
| 10:53 | Queue | Villager (Male) |
| 11:18 | Age | Feudal Age |
| 11:25 | Build | Market |
| 11:39 | Build | Blacksmith |
| 11:41 | Queue | Villager (Male) |
| 12:09 | Build | Palisade Wall |
| 12:13 | Build | Mining Camp |
| 12:14 | Queue | Villager (Male) |
| 12:29 | Build | Palisade Wall |
| 12:42 | Queue | Villager (Male) |
| 12:47 | Build | Mining Camp |
| 12:54 | Build | Mining Camp |
| 13:00 | Build | Palisade Wall |
| 13:04 | Build | Palisade Wall |
| 13:10 | Research | Castle Age |
| 13:10 | Research | Castle Age |
| 13:23 | Research | Double-Bit Axe |
| 13:57 | Research | Stone Mining |
| 14:17 | Build | House |
| 14:48 | Build | Outpost |
| 15:19 | Queue | Villager (Male) |
| 15:50 | Age | Castle Age |
| 16:01 | Build | Castle |
| 16:08 | Research | Horse Collar |
| 16:08 | Research | Horse Collar |
| 16:10 | Queue | Villager (Male) |
| 16:18 | Queue | Fire Galley |
| 16:26 | Queue | Unit 2626 |
| 16:44 | Build | Town Center |
| 16:58 | Queue | Organ Gun |
| 17:29 | Queue | Organ Gun |
| 17:33 | Queue | Unit 2626 |
| 17:51 | Queue | Villager (Male) |
| 17:53 | Queue | Organ Gun |
| 18:09 | Build | Siege Workshop |
| 18:24 | Queue | Villager (Male) |
| 18:33 | Queue | Villager (Male) |
| 18:49 | Queue | Battering Ram |
| 18:52 | Queue | Villager (Male) |
| 19:13 | Queue | Battering Ram |
| 19:14 | Queue | Villager (Male) |
| 19:16 | Queue | Villager (Male) |
| 19:17 | Queue | Villager (Male) |
| 19:47 | Queue | Villager (Male) |
| 20:00 | Queue | Battering Ram |
| 20:01 | Queue | Villager (Male) |
| 20:18 | Queue | Battering Ram |
| 20:19 | Queue | Villager (Male) |
| 20:31 | Queue | Villager (Male) |
| 20:39 | Research | Wheelbarrow |
| 20:43 | Build | Farm |
| 20:44 | Build | Farm |
| 20:48 | Build | Farm |
| 20:52 | Queue | Villager (Male) |
| 21:09 | Queue | Battering Ram |
| 21:18 | Queue | Organ Gun |
| 21:18 | Queue | Organ Gun |
| 21:31 | Queue | Villager (Male) |
| 21:39 | Queue | Villager (Male) |
| 21:45 | Build | Farm |
| 21:46 | Build | Farm |
| 21:47 | Build | Farm |
| 22:02 | Queue | Organ Gun |
| 22:04 | Build | Farm |
| 22:06 | Build | Farm |
| 22:07 | Build | Farm |
| 22:09 | Build | Farm |
| 22:13 | Build | Farm |
| 22:13 | Build | Farm |
| 22:15 | Queue | Villager (Male) |
| 22:25 | Queue | Organ Gun |
| 22:26 | Queue | Villager (Male) |
| 22:37 | Build | Farm |
| 22:39 | Build | Farm |
| 22:51 | Queue | Villager (Male) |
Build order — aunclelikegod02
86 actions detected in the replay
| 0:21 | Build | House |
| 1:48 | Build | Town Center |
| 2:02 | Build | Dock |
| 2:47 | Research | Loom |
| 2:51 | Queue | Fishing Ship |
| 2:51 | Queue | Fishing Ship |
| 2:51 | Queue | Fishing Ship |
| 3:24 | Queue | Fishing Ship |
| 3:25 | Queue | Fishing Ship |
| 3:26 | Queue | Villager (Male) |
| 3:27 | Queue | Villager (Male) |
| 4:00 | Queue | Villager (Male) |
| 4:00 | Queue | Villager (Male) |
| 4:00 | Queue | Villager (Male) |
| 4:21 | Queue | Villager (Male) |
| 4:21 | Queue | Villager (Male) |
| 4:29 | Queue | Fishing Ship |
| 4:37 | Queue | Villager (Male) |
| 4:37 | Queue | Villager (Male) |
| 4:56 | Queue | Villager (Male) |
| 4:56 | Queue | Villager (Male) |
| 4:56 | Queue | Villager (Male) |
| 5:19 | Build | House |
| 5:30 | Queue | Fishing Ship |
| 5:30 | Queue | Fishing Ship |
| 5:34 | Queue | Villager (Male) |
| 5:34 | Queue | Villager (Male) |
| 5:58 | Queue | Villager (Male) |
| 5:58 | Queue | Villager (Male) |
| 6:16 | Queue | Fishing Ship |
| 6:22 | Queue | Villager (Male) |
| 7:06 | Queue | Villager (Male) |
| 7:14 | Build | Mining Camp |
| 7:31 | Build | House |
| 7:54 | Queue | Villager (Male) |
| 8:23 | Research | Feudal Age |
| 8:24 | Research | Feudal Age |
| 9:15 | Build | Mill |
| 10:17 | Queue | Villager (Male) |
| 10:18 | Queue | Villager (Male) |
| 10:32 | Queue | Villager (Male) |
| 10:33 | Age | Feudal Age |
| 10:39 | Build | Blacksmith |
| 11:01 | Queue | Villager (Male) |
| 11:13 | Build | House |
| 11:50 | Build | Market |
| 11:53 | Queue | Villager (Male) |
| 12:05 | Build | House |
| 12:21 | Build | Lumber Camp |
| 12:42 | Research | Castle Age |
| 12:42 | Research | Castle Age |
| 13:08 | Research | Double-Bit Axe |
| 13:08 | Research | Double-Bit Axe |
| 15:00 | Build | House |
| 15:22 | Age | Castle Age |
| 15:27 | Build | Castle |
| 15:28 | Queue | Villager (Male) |
| 15:29 | Queue | Villager (Male) |
| 15:33 | Build | Town Center |
| 15:34 | Queue | Villager (Male) |
| 15:34 | Queue | Villager (Male) |
| 16:29 | Queue | Villager (Male) |
| 16:53 | Queue | Villager (Male) |
| 16:53 | Queue | Villager (Male) |
| 17:31 | Queue | Villager (Male) |
| 17:32 | Queue | Villager (Male) |
| 18:10 | Build | Lumber Camp |
| 18:23 | Build | Siege Workshop |
| 18:53 | Build | Town Center |
| 19:29 | Build | Lumber Camp |
| 19:38 | Queue | Battering Ram |
| 19:56 | Build | Mill |
| 20:36 | Queue | Chu Ko Nu |
| 20:36 | Queue | Chu Ko Nu |
| 20:37 | Queue | Chu Ko Nu |
| 20:43 | Queue | Villager (Male) |
| 20:43 | Queue | Villager (Male) |
| 21:00 | Queue | Villager (Male) |
| 21:00 | Queue | Villager (Male) |
| 21:01 | Queue | Villager (Male) |
| 21:19 | Queue | Villager (Male) |
| 22:03 | Build | House |
| 22:07 | Queue | Villager (Male) |
| 22:09 | Queue | Villager (Male) |
| 22:09 | Queue | Villager (Male) |
| 22:10 | Queue | Villager (Male) |
Match timeline
| 0:12 | Molle · first_building Dock |
| 0:34 | DYS.K · first_building Dock |
| 0:42 | Rank · first_building Dock |
| 0:57 | Ash · first_building Dock |
| 0:58 | imenek · first_building Dock |
| 1:30 | loco_angel · first_building Dock |
| 2:02 | aunclelikegod02 · first_building Dock |
| 2:03 | QNA | Apachai Hopachai · first_building Dock |
| 5:54 | imenek · wall_segment Palisade Wall x2 |
| 5:56 | imenek · wall_segment Palisade Wall x1 |
| 5:58 | imenek · wall_segment Palisade Wall x1 |
| 6:02 | imenek · wall_segment Palisade Wall x1 |
| 6:03 | imenek · wall_segment Palisade Wall x1 |
| 6:05 | imenek · wall_segment Palisade Wall x1 |
| 6:06 | Molle · wall_segment Palisade Wall x8 |
| 6:11 | imenek · wall_segment Palisade Wall x1 |
| 6:13 | imenek · wall_segment Palisade Wall x1 |
| 6:21 | imenek · wall_segment Palisade Wall x1 |
| 6:23 | imenek · wall_segment Palisade Wall x1 |
| 6:24 | imenek · wall_segment Palisade Wall x1 |
| 6:26 | loco_angel · wall_segment Palisade Wall x4 |
| 6:27 | imenek · wall_segment Palisade Wall x1 |
| 6:40 | DYS.K · wall_segment Palisade Wall x1 |
| 6:42 | DYS.K · wall_segment Palisade Wall x1 |
| 6:44 | DYS.K · wall_segment Palisade Wall x1 |
| 6:46 | loco_angel · wall_segment Palisade Wall x1 |
| 6:48 | loco_angel · wall_segment Palisade Wall x1 |
| 6:51 | Ash · wall_segment Palisade Wall x1 |
| 9:08 | Rank · wall_segment Palisade Wall x1 |
| 9:08 | Rank · wall_segment Palisade Wall x1 |
| 9:12 | Rank · wall_segment Palisade Wall x5 |
| 9:15 | imenek · wall_segment Palisade Wall x1 |
| 9:17 | imenek · wall_segment Palisade Wall x1 |
| 9:41 | DYS.K · wall_segment Palisade Wall x3 |
| 10:06 | Rank · age_up feudal |
| 10:08 | DYS.K · wall_segment Palisade Wall x3 |
| 10:11 | DYS.K · wall_segment Palisade Wall x2 |
| 10:18 | imenek · wall_segment Palisade Wall x3 |
| 10:23 | loco_angel · age_up feudal |
| 10:33 | aunclelikegod02 · age_up feudal |
| 10:40 | imenek · wall_segment Palisade Wall x5 |
| 10:43 | Ash · age_up feudal |
| 11:18 | imenek · age_up feudal |
| 11:20 | DYS.K · wall_segment Palisade Wall x1 |
| 12:09 | imenek · wall_segment Palisade Wall x1 |
| 12:19 | loco_angel · wall_segment Palisade Wall x1 |
| 12:27 | DYS.K · age_up feudal |
| 12:29 | imenek · wall_segment Palisade Wall x1 |
| 12:44 | Molle · age_up feudal |
| 12:45 | Rank · first_market_sell 100 food |
| 13:00 | imenek · wall_segment Palisade Wall x1 |
| 13:04 | imenek · wall_segment Palisade Wall x1 |
| 13:27 | loco_angel · wall_segment Palisade Wall x5 |
| 13:28 | QNA | Apachai Hopachai · age_up feudal |
| 13:53 | DYS.K · wall_segment Palisade Wall x1 |
| 13:55 | DYS.K · wall_segment Palisade Wall x1 |
| 14:08 | DYS.K · wall_segment Palisade Wall x1 |
| 14:20 | DYS.K · wall_segment Palisade Wall x1 |
| 14:27 | Ash · wall_segment Palisade Wall x1 |
| 14:29 | Ash · wall_segment Palisade Wall x1 |
| 14:30 | Ash · wall_segment Palisade Wall x1 |
| 14:38 | Rank · wall_segment Stone Wall x1 |
| 14:39 | Rank · wall_segment Stone Wall x1 |
| 14:43 | Rank · wall_segment Stone Wall x1 |
| 14:48 | Ash · wall_segment Palisade Wall x1 |
| 14:49 | Ash · wall_segment Palisade Wall x1 |
| 15:22 | aunclelikegod02 · age_up castle |
| 15:27 | aunclelikegod02 · first_building Castle |
| 15:28 | loco_angel · age_up castle |
| 15:35 | Rank · age_up castle |
| 15:42 | Rank · first_building Castle |
| 15:50 | imenek · age_up castle |
| 16:01 | imenek · first_building Castle |
| 16:16 | Ash · wall_segment Palisade Wall x1 |
| 16:26 | Molle · wall_segment Stone Wall x8 |
| 16:27 | loco_angel · first_market_sell 100 food |
| 16:28 | loco_angel · first_market_buy 100 wood |
| 16:29 | Rank · first_building Siege Workshop |
| 16:32 | DYS.K · first_building Barracks |
| 16:40 | Molle · age_up castle |
| 16:44 | Molle · first_building Castle |
| 16:54 | QNA | Apachai Hopachai · wall_segment Palisade Wall x2 |
| 17:00 | QNA | Apachai Hopachai · wall_segment Palisade Wall x2 |
| 17:08 | DYS.K · age_up castle |
| 17:09 | QNA | Apachai Hopachai · wall_segment Palisade Wall x8 |
| 17:27 | QNA | Apachai Hopachai · age_up castle |
| 17:32 | Ash · age_up castle |
| 17:42 | QNA | Apachai Hopachai · first_market_sell 100 food |
| 17:43 | QNA | Apachai Hopachai · first_market_buy 100 wood |
| 18:09 | imenek · first_building Siege Workshop |
| 18:11 | DYS.K · wall_segment Palisade Wall x1 |
| 18:23 | aunclelikegod02 · first_building Siege Workshop |
| 18:49 | Molle · first_market_buy 100 wood |
| 19:12 | QNA | Apachai Hopachai · first_building Castle |
| 19:12 | imenek · first_market_buy 100 wood |
| 19:37 | Molle · first_building Siege Workshop |
| 19:38 | Ash · first_market_buy 100 wood |
| 19:38 | DYS.K · first_building Siege Workshop |
| 21:08 | Ash · wall_segment Palisade Wall x1 |
| 21:10 | Ash · wall_segment Palisade Wall x1 |
| 21:20 | loco_angel · first_building Castle |
| 21:21 | DYS.K · first_building Archery Range |
| 21:42 | Ash · wall_segment Palisade Wall x1 |
| 22:11 | Rank · first_market_buy 100 food |
| 22:15 | aunclelikegod02 · resign |
[ AI ANALYSIS · 1 CREDIT ]
What really happened in this match?
Wolo.gg analyzes every decision: build order, eco, micro, common mistakes by bracket. Personalized analysis on WhatsApp or Discord in 30 seconds.
Civ guide
Lithuanians
Perfil
Jugador #6271795